 Dungeon Crawl Stone Soup version 0.21-a0-509-gecc5317 (webtiles) character file.

12797 tof the Carver (level 11, -13/77 HPs)
             Began as a Demonspawn Berserker on Nov 30, 2017.
             Was an Elder of Trog (penitent).
             Mangled by a polar bear (23 damage)
             ... created by the rage of Trog
             ... on level 11 of the Dungeon.
             The game lasted 00:23:22 (10866 turns).

tof the Carver (Demonspawn Berserker)              Turns: 10866, Time: 00:23:23

Health: -13/77     AC: 14    Str: 16 (17) XL:     11   Next: 67%
Magic:  0/14       EV: 10    Int:  7      God:    Trog [*]
Gold:   427        SH: 11    Dex: 23      Spells: 9/10 levels left

rFire    + + .     SeeInvis +   a - +10 scimitar of the Grave {pain, +Blink Dex+4}
rCold    + . .     Gourm    .   b - +0 shield
rNeg     . . .     Faith    .   G - +0 chain mail "Meogur" {rF++ rC+ Dex+3 Stlth-}
rPois    +         Spirit   +   (helmet restricted)
rElec    .         Reflect  .   (no cloak)
rCorr    .         Harm     .   (no gloves)
MR       .....     Clarity  +   (no boots) Stlth ..........Rnd*Tele +
                                p - amulet of magic regeneration
HPRegen  3.22/turn              L - +4 ring of protection
MPRegen  0.39/turn              A - ring of see invisible

@: no status effects
A: antennae 2, claws 1, talons 1, clarity, dopey 1, frail 1, mutation resistance
1, poison resistance, powered by death 2, teleportitis 1, magic shield
a: Burn Spellbooks, Renounce Religion, Evoke Blink


You were on level 11 of the Dungeon.
You worshipped Trog.
Trog was demanding penance.
You were not hungry.

You visited 1 branch of the dungeon, and saw 11 of its levels.

You collected 837 gold pieces.
You spent 410 gold pieces at shops.

Inventory:

Hand Weapons
 a - the +10 scimitar of the Grave (weapon) {pain, +Blink Dex+4}
   (You bought it in a shop on level 5 of the Dungeon)

   In the hands of one skilled in necromantic magic, it inflicts extra damage on
   living creatures.
   It affects your dexterity (+4).
   It lets you blink.
 y - a +1 falchion
Missiles
 e - 2 throwing nets
 n - 6 exploding tomahawks
 x - 8 javelins (quivered)
Armour
 b - a +0 shield (worn)
 G - the +0 chain mail "Meogur" (worn) {rF++ rC+ Dex+3 Stlth-}
   (You found it on level 5 of the Dungeon)

   It affects your dexterity (+3).
   It greatly protects you from fire.
   It protects you from cold.
   It makes you less stealthy.
 S - the +1 chain mail of the Sacrificial Victim {rPois MP+9}
   (You found it on level 9 of the Dungeon)

   It protects you from poison.
   It affects your magic capacity (+9).
Jewellery
 p - an amulet of magic regeneration (around neck)
 A - a ring of see invisible (right claw)
 L - a +4 ring of protection (left claw)
Wands
 o - a wand of disintegration (20)
 H - a wand of acid (6)
 O - a wand of iceblast (7)
 Q - a wand of paralysis (15)
Scrolls
 h - a scroll of magic mapping
 k - 2 scrolls of fear
 m - 6 scrolls of teleportation
 q - 3 scrolls of remove curse
 t - 2 scrolls of fog
 u - a scroll of holy word
 F - 2 scrolls of enchant armour
 N - a scroll of blinking
 P - 2 scrolls of enchant weapon
 V - a scroll of silence
 X - a scroll of random uselessness
Potions
 d - a potion of mutation {unknown}
 g - 5 potions of heal wounds
 i - 2 potions of agility {unknown}
 j - 2 potions of haste
 s - a potion of berserk rage {unknown}
 v - 4 potions of lignification {unknown}
 w - 5 potions of flight {unknown}
 z - 3 potions of cancellation {unknown}
 B - 2 potions of resistance {unknown}
 C - 2 potions of magic {unknown}
 D - 2 potions of brilliance {unknown}
 I - 13 potions of degeneration
 M - 2 potions of curing {unknown}
 R - a potion of invisibility {unknown}
 T - 2 potions of might {unknown}
Books
 l - a book of Necromancy

   Spells                             Type                      Level
   a - Pain                           Necromancy                   1
   b - Animate Skeleton               Necromancy                   1
   c - Vampiric Draining              Necromancy                   3
   d - Regeneration                   Charms/Necromancy            3
   e - Animate Dead                   Necromancy                   4
   f - Control Undead                 Necromancy                   4
   Trog disapproves of the use of such an item.
 r - a book of Ice

   Spells                             Type                      Level
   a - Ice Form                       Ice/Transmutation            4
   b - Metabolic Englaciation         Hexes/Ice                    5
   c - Ozocubu's Refrigeration        Ice                          6
   d - Bolt of Cold                   Conjuration/Ice              6
   e - Freezing Cloud                 Conjuration/Ice/Air          6
   f - Simulacrum                     Ice/Necromancy               6
   Trog disapproves of the use of such an item.
 J - a book of Callings

   Spells                             Type                      Level
   a - Summon Small Mammal            Summoning                    1
   b - Call Imp                       Summoning                    2
   c - Call Canine Familiar           Summoning                    3
   d - Summon Guardian Golem          Hexes/Summoning              3
   e - Summon Lightning Spire         Summoning/Air                4
   f - Summon Ice Beast               Ice/Summoning                4
   Trog disapproves of the use of such an item.
 K - a Young Poisoner's Handbook

   Spells                             Type                      Level
   a - Sting                          Conjuration/Poison           1
   b - Poisonous Vapours              Poison/Air                   2
   c - Mephitic Cloud                 Conjuration/Poison/Air       3
   d - Olgreb's Toxic Radiance        Poison                       4
   e - Venom Bolt                     Conjuration/Poison           5
   Trog disapproves of the use of such an item.
 W - a book of Geomancy

   Spells                             Type                      Level
   a - Sandblast                      Earth                        1
   b - Passwall                       Transmutation/Earth          2
   c - Stone Arrow                    Conjuration/Earth            3
   d - Petrify                        Transmutation/Earth          4
   e - Lee's Rapid Deconstruction     Earth                        5
   Trog disapproves of the use of such an item.
Comestibles
 c - 5 bread rations
 f - 9 royal jellies
 E - 5 meat rations
 U - 2 chunks of flesh


   Skills:
 + Level 7.9 Fighting
 * Level 10.0 Long Blades
 + Level 7.0 Armour
 + Level 7.1 Dodging
 + Level 6.4 Shields
 + Level 2.0 Necromancy
 + Level 5.2 Evocations


You had 9 spell levels left.
You knew the following spells:

 Your Spells              Type           Power        Failure   Level  Hunger
a - Animate Skeleton      Necr           N/A          100%        1    ##.....


Dungeon Overview and Level Annotations

Branches:
Dungeon (11/15)            Temple (0/1) D:5            Lair (0/6) D:10
    Orc (0/2) D:10

Altars:
Cheibriados
Dithmenos
Elyvilon
Fedhas
Gozag
Hepliaklqana
Nemelex Xobeh
Okawaru
Ru
Sif Muna
Trog
Vehumet
Wu Jian
Xom

Shops:
D:5 !((   D:8 ?   D:10 }(:


Innate Abilities, Weirdness & Mutations

You have a pair of antennae on your head.
You have sharp fingernails.
You have sharp toenails.
You regenerate health from kills.
When hurt, damage is shared between your health and your magic reserves.
You possess an exceptional clarity of mind.
You are dopey. (Int -2)
You are frail. (-10% HP)
You are somewhat resistant to further mutation.
Your system is resistant to poisons. (rPois)
You are occasionally teleported next to monsters.


Message History

The polar bear claws you.
The polar bear claws you but does no damage.
You hit the polar bear.
You claw the polar bear, but do no damage.
The polar bear is severely wounded.
The polar bear bites you! You block the polar bear's attack. x3
The polar bear claws you but does no damage. x2
The polar bear misses you.
You riposte.
Your chain mail "Meogur" prevents you from hitting the polar bear.
The polar bear is lightly wounded.
The polar bear claws you. x2; The polar bear bites you!
* * * LOW HITPOINT WARNING * * *
The polar bear claws you but does no damage. x2
The polar bear bites you!
* * * LOW HITPOINT WARNING * * *
The polar bear closely misses you. The polar bear claws you.
* * * LOW HITPOINT WARNING * * *
The polar bear rages.
The polar bear bites you!!
You die...

#.# #..#
##.#####.##.#.#
##.# #..##
#.###.....#.#.#
...# #..#.#
##.##.##.##.#.##
#### #...#.#
##.#.#..##.....
#..
#.####...#.##.#.##
##.####.##.##.#.#
##hO.............#
#hh#####.##.##.###
#.#@# #.##.##.####
###h# #.##........
#.# #.##########
#.# #.# #.# #.#
#.# .# #.# ...


You could see a two-headed ogre (berserk) and 4 polar bears.

Vanquished Creatures
  2 two-headed ogres (D:8)
  An unseen horror (D:11)
  The ghost of Regeox the Fighter, a novice MiCK of Xom (D:5)
  An ugly thing (D:11)
  A cyclops (D:10)
  2 gargoyles
  A komodo dragon (D:10)
  2 trolls
  The ghost of tof the Slasher, an amateur DsMo of Makhleb (D:4)
  Grinder (D:4)
  A hippogriff (D:10)
  5 yaks (D:11)
  4 hogs (D:8)
  2 wyverns
  A human (D:8)
  Grum (D:8)
  A water moccasin (D:6)
  4 orc warriors
  3 sky beasts
  A swamp drake (D:10)
  A black bear (D:10)
  2 ice beasts
  A necrophage (D:8)
  3 phantoms
  7 centaurs
  5 ogres
  2 wolves (D:8)
  2 big kobolds (D:8)
  8 bullfrogs
  A wyvern zombie (D:6)
  A water moccasin zombie (D:9)
  5 scorpions
  3 killer bees (D:8)
  5 wights (D:7)
  4 howler monkeys
  6 crimson imps
  2 bullfrog zombies (D:7)
  A quasit (D:9)
  3 centaur zombies
  3 centaur skeletons
  4 jellies
  2 orc priests (D:10)
  7 hounds
  8 orc wizards
  9 bullfrog skeletons
  Jessica (D:7)
  An iguana (D:9)
  7 worker ants
  2 hound zombies
  2 hound skeletons
  2 worker ant zombies
  2 howler monkey skeletons
  A howler monkey zombie (D:6)
  7 gnolls
  16 adders
  A shadow imp (D:5)
  3 oozes
  3 adder zombies
  5 adder skeletons
  5 worms
  2 dart slugs
  10 leopard geckos
  37 orcs
  A ball python (D:3)
  6 giant cockroaches
  11 hobgoblins
  3 jackals (D:8)
  6 quokkas
  6 bats
  5 frilled lizards
  6 goblins
  15 kobolds
  A quokka skeleton (D:5)
  A quokka zombie (D:6)
  9 rats
308 creatures vanquished.

Vanquished Creatures (others)
  A plant (D:10)
1 creature vanquished.

Grand Total: 309 creatures vanquished

Notes
Turn   | Place    | Note
-------+----------+-------------------------------------------
     0 | D:1      | tof the Demonspawn Berserker began the quest for the Orb.
     0 | D:1      | Reached XP level 1. HP: 18/18 MP: 1/1
   160 | D:1      | Gained mutation: You have sharp toenails. [demonic ancestry]
   160 | D:1      | Reached XP level 2. HP: 24/24 MP: 2/2
   260 | D:1      | Reached skill level 3 in Long Blades
   814 | D:2      | Reached ** piety under Trog
   814 | D:2      | Reached XP level 3. HP: 24/29 MP: 3/3
   919 | D:2      | Reached XP level 4. HP: 24/35 MP: 4/4
  1795 | D:3      | Found an opulent altar of Gozag.
  1948 | D:3      | Reached XP level 5. HP: 35/41 MP: 5/5
  2217 | D:3      | Reached skill level 4 in Long Blades
  2390 | D:4      | Noticed tof's ghost (amateur DsMo)
  2406 | D:4      | Killed tof's ghost
  2406 | D:4      | Reached skill level 1 in Shields
  2406 | D:4      | Gained mutation: When hurt, damage is shared between your health and your magic reserves. [demonic ancestry]
  2406 | D:4      | Reached XP level 6. HP: 48/48 MP: 6/6
  2467 | D:4      | Noticed Grinder
  2477 | D:4      | Paralysed by Grinder for 6 turns
  2505 | D:4      | HP: 1/48 [Grinder (3)]
  2514 | D:4      | Killed Grinder
  2514 | D:4      | Reached skill level 5 in Long Blades
  2514 | D:4      | Gained mutation: You have sharp fingernails. [demonic ancestry]
  2514 | D:4      | Reached XP level 7. HP: 2/55 MP: 2/7
  2833 | D:4      | Reached *** piety under Trog
  3278 | D:4      | Found an iron altar of Okawaru.
  3355 | D:4      | Found a snail-covered altar of Cheibriados.
  3775 | D:5      | Entered Level 5 of the Dungeon
  3793 | D:5      | Noticed Regeox's ghost (novice MiCK)
  3804 | D:5      | Killed Regeox's ghost
  3804 | D:5      | Reached skill level 5 in Fighting
  3804 | D:5      | Reached skill level 6 in Long Blades
  3804 | D:5      | Gained mutation: You have a pair of small antennae on your head. [demonic ancestry]
  3804 | D:5      | Reached XP level 8. HP: 62/62 MP: 5/8
  4043 | D:5      | Found a white marble altar of Elyvilon.
  4457 | D:5      | Found a staircase to the Ecumenical Temple.
  4678 | D:5      | Found Deemig's Antique Weapon Shoppe.
  4682 | D:5      | Bought a shimmering scimitar for 270 gold pieces
  4682 | D:5      | Identified the +10 scimitar of the Grave {pain, +Blink Dex+4} (You bought it in a shop on level 5 of the Dungeon)
  4703 | D:5      | Found Nafatwedghun's Antique Weapon Shoppe.
  4823 | D:5      | Found a sacrificial altar of Ru.
  4839 | D:5      | Found Mira's Distillery.
  4853 | D:5      | Bought a potion of heal wounds for 70 gold pieces
  4853 | D:5      | Bought a potion of heal wounds for 70 gold pieces
  4934 | D:5      | Reached **** piety under Trog
  4959 | D:5      | Noticed a troll
  4961 | D:5      | Gained mutation: You have a pair of antennae on your head. [demonic ancestry]
  4961 | D:5      | Reached XP level 9. HP: 68/68 MP: 9/9
  4965 | D:5      | Killed a troll
  4965 | D:5      | Reached skill level 7 in Long Blades
  5013 | D:5      | Got a polished chain mail
  5024 | D:5      | Identified the cursed +0 chain mail "Meogur" {rF++ rC+ Dex+3 Stlth-} (You found it on level 5 of the Dungeon)
  5117 | D:5      | Reached skill level 5 in Armour
  5117 | D:5      | Reached skill level 5 in Dodging
  5305 | D:6      | Reached skill level 1 in Evocations
  5393 | D:6      | Found a shimmering altar of Xom.
  5829 | D:6      | Gained mutation: You are occasionally teleported next to monsters. [mutagenic meat]
  5830 | D:6      | Gained mutation: You possess an exceptional clarity of mind. [mutagenic meat]
  5831 | D:6      | Gained mutation: You are dopey. (Int -2) [mutagenic meat]
  5832 | D:6      | Gained mutation: You are frail. (-10% HP) [mutagenic meat]
  5833 | D:6      | Gained mutation: You are agile. (Dex +2) [mutagenic meat]
  5906 | D:6      | Found an ornate altar of the Wu Jian Council.
  6145 | D:6      | Found a sparkling altar of Nemelex Xobeh.
  6484 | D:7      | Reached skill level 8 in Long Blades
  7049 | D:7      | Noticed Jessica
  7054 | D:7      | Killed Jessica
  7064 | D:7      | Found a deep blue altar of Sif Muna.
  7171 | D:7      | Gained mutation: You regenerate a little health from kills. [demonic ancestry]
  7171 | D:7      | Reached XP level 10. HP: 46/69 MP: 9/11
  7477 | D:8      | Gained mutation: Your system is resistant to poisons. (rPois) [mutagenic meat]
  7478 | D:8      | Lost mutation: You are agile. (Dex +2) [mutagenic meat]
  7479 | D:8      | Gained mutation: You are somewhat resistant to further mutation. [mutagenic meat]
  7668 | D:8      | Found a blossoming altar of Fedhas.
  7679 | D:8      | Noticed a two-headed ogre
  7687 | D:8      | Killed a two-headed ogre
  7687 | D:8      | Reached skill level 5 in Shields
  7858 | D:8      | Noticed Grum
  7860 | D:8      | Reached ***** piety under Trog
  7869 | D:8      | Killed Grum
  7871 | D:8      | Noticed a two-headed ogre
  7884 | D:8      | Killed a two-headed ogre
  8039 | D:8      | Reached skill level 9 in Long Blades
  8431 | D:8      | Found Qosorurph's Magic Scroll Emporium.
  8647 | D:9      | Got a spiked chain mail
  8659 | D:9      | Identified the cursed +1 chain mail of the Sacrificial Victim {rPois MP+9} (You found it on level 9 of the Dungeon)
  8721 | D:9      | Gained mutation: You regenerate health from kills. [demonic ancestry]
  8721 | D:9      | Reached XP level 11. HP: 74/75 MP: 14/14
  8835 | D:9      | Found a hazy altar of Hepliaklqana.
  8864 | D:9      | Found a bloodstained altar of Trog.
  8918 | D:9      | Found a shadowy altar of Dithmenos.
  9028 | D:9      | Found a radiant altar of Vehumet.
  9261 | D:10     | Entered Level 10 of the Dungeon
  9285 | D:10     | Found Meluijua's Weapon Shoppe.
  9623 | D:10     | Found Igequll's Book Shop.
  9789 | D:10     | Found Noinaja's Gadget Emporium.
  9959 | D:10     | Found a staircase to the Lair.
 10181 | D:10     | Was placed under penance by Trog
 10183 | D:10     | Learned a level 1 spell: Pain
 10202 | D:10     | Found a staircase to the Orcish Mines.
 10375 | D:10     | Learned a level 1 spell: Animate Skeleton
 10607 | D:11     | Noticed a green ugly thing
 10617 | D:11     | Killed a green ugly thing
 10617 | D:11     | Reached skill level 1 in Necromancy
 10622 | D:11     | Reached skill level 5 in Evocations
 10657 | D:11     | Noticed an unseen horror
 10659 | D:11     | Killed an unseen horror
 10844 | D:11     | Reached skill level 10 in Long Blades
 10856 | D:11     | Noticed a two-headed ogre
 10866 | D:11     | Mangled by a polar bear

Vault maps used:
D:1:      dpeg_arrival_long_road
D:2:      minmay_misc_feat_columns
D:3:      nicolae_gozag_cash_rules_everything_around_me, first_bread
D:4:      okawaru_altar_gauntlet_db, cheibriados_altar_1, uniq_grinder
D:5:      kennysheep_windowed_halls, elyvilon_altar_4, nicolae_ru_path_of_blood,
          minmay_temple_entry_nine_rooms, serial_shops, shop_coins,
          kennysheep_mini, nicolae_shop_stone
D:6:      lemuel_doored_altar, lemuel_crystal_altar,
          nicolae_overflow_hidden_temple, serial_undead, serial_undead_d,
          serial_undead_d, serial_undead_b, serial_undead_a
D:7:      tgw_sif, kennysheep_windowed_goal
D:8:      fedhas_altar_2, serial_shops, shop, grunt_livestock, uniq_grum
D:9:      lemuel_crystal_altar, lemuel_round_altar,
          nicolae_overflow_crystal_walls, trog_three_pillars_becter
D:10:     david_lair_shrubbed, erik_orc_1, serial_shops, shop,
          kennysheep_mini_moat, nicolae_shop_window_shopping

Skill      XL: |  1  2  3  4  5  6  7  8  9 10 11 |
---------------+----------------------------------+-----
Dodging        | 2 3 4 5 6 7 |  7.1
Long Blades    | 3 4 5 6 8 9 10 | 10.0
Armour         | 2 3 4 5 6 7 |  7.0
Fighting       | 4 5 6 7 |  7.9
Shields        | 1 2 3 4 5 6 |  6.4
Evocations     | 2 4 5 |  5.2
Necromancy     | 2 |  2.0

Action                   |  1- 3 |  4- 6 |  7- 9 | 10-12 || total
-------------------------+-------+-------+-------+-------++-------
Melee: Falchion          |    48 |   120 |   134 |       ||   302
       Kick              |    15 |    40 |   132 |   165 ||   352
       Scimitar          |       |       |   179 |   340 ||   519
Throw: Javelin           |       |     2 |     9 |       ||    11
       Throwing net      |       |     2 |     1 |       ||     3
Invok: Berserk           |       |     2 |     3 |     1 ||     6
       Trog's Hand       |       |       |     1 |     1 ||     2
  Use: Scroll            |       |       |     8 |     9 ||    17
 Stab: Sleeping          |     1 |       |       |       ||     1
       Confused          |       |       |       |     1 ||     1
  Eat: Chunk             |       |     5 |    16 |    20 ||    41
       Bread ration      |       |       |     2 |       ||     2
Armor: Animal skin       |     9 |       |       |       ||     9
       Ring mail         |     5 |    41 |    53 |       ||    99
       Chain mail        |       |       |    62 |   192 ||   254
Dodge: Dodged            |    38 |    80 |   167 |   167 ||   452
Block: Shield            |       |       |    81 |   226 ||   307
       Rpst.: Falchion   |    15 |    24 |    22 |       ||    61
       Scimitar          |       |       |    15 |    42 ||    57

Table legend:
 A = Spawn XP
 B = Non-spawn XP
 C = Spawn XP percentage of total XP
 D = Spawn monster count
 E = Non-spawn monster count
 F = Spawn count percentage of total count
 G = Total turns spent on level
                    A         B        C        D         E        F      G
               +---------+---------+-------+---------+---------+-------+---------
         Total |       0 |   18282 |   0.0 |       0 |     308 |   0.0 | 10866
               +---------+---------+-------+---------+---------+-------+---------
           D:1 |       0 |      34 |   0.0 |       0 |      20 |   0.0 |   780
           D:2 |       0 |     134 |   0.0 |       0 |      27 |   0.0 |  1010
           D:3 |       0 |      63 |   0.0 |       0 |      16 |   0.0 |   595
           D:4 |       0 |     995 |   0.0 |       0 |      32 |   0.0 |  1390
           D:5 |       0 |    2275 |   0.0 |       0 |      37 |   0.0 |  1455
           D:6 |       0 |    1165 |   0.0 |       0 |      26 |   0.0 |   993
           D:7 |       0 |    1005 |   0.0 |       0 |      23 |   0.0 |  1239
           D:8 |       0 |    4986 |   0.0 |       0 |      53 |   0.0 |  1150
           D:9 |       0 |     903 |   0.0 |       0 |      21 |   0.0 |   649
          D:10 |       0 |    2989 |   0.0 |       0 |      33 |   0.0 |  1245
          D:11 |       0 |    3733 |   0.0 |       0 |      20 |   0.0 |   360
               +---------+---------+-------+---------+---------+-------+---------
